 Dungeon Crawl Stone Soup version 0.25.0-9-g26727b657a (webtiles) character file.

Game seed: 3204678506348445555

18503 mopl the Impaler (level 12, -1/94 (95) HPs)
             Began as a Merfolk Gladiator on June 18, 2020.
             Was a Priest of Yredelemnul.
             Slain by a seven-headed hydra (5 damage)
             ... on level 2 of the Lair of Beasts.
             The game lasted 00:21:07 (12626 turns).

mopl the Impaler (Merfolk Gladiator)               Turns: 12626, Time: 00:21:08

HP:   -1/94 (95)    AC: 12    Str: 19    XL:     12   Next: 59%
MP:   22/27         EV: 19    Int:  7    God:    Yredelemnul [***...]
Gold: 849           SH:  6    Dex: 20    Spells: 11/11 levels left

rFire    . . .     SeeInvis +   a - +2 trident (flame)
rCold    + . .     Gourm    .   j - +2 buckler
rNeg     + . .     Faith    .   N - +0 swamp dragon scales
rPois    +         Spirit   .   c - +0 helmet
rElec    +         Reflect  .   (no cloak)
rCorr    .         Harm     .   t - +0 pair of gloves
MR       .....                  b - +0 pair of boots
Stlth    +.........             R - amulet of regeneration
HPRegen  0.65/turn              S - ring of Life {+Fly rElec rC+ rN+ SInv}
MPRegen  0.20/turn              Q - ring of Miracles {rPois MP+9 Dex+4}

@: no status effects
A: change form in water, swift swim, stealthy swim
a: Recall Undead Slaves, Injury Mirror, Animate Dead, Renounce Religion, Evoke
Flight


You were on level 2 of the Lair of Beasts.
You worshipped Yredelemnul.
Yredelemnul was most pleased with you.
You were not hungry.

You visited 3 branches of the dungeon, and saw 14 of its levels.
You also visited: Sewer.

You collected 849 gold pieces.

Inventory:

Hand Weapons
 a - a +2 trident of flaming (weapon)
 L - a +0 glaive
Missiles
 d - 2 throwing nets
 h - 10 boomerangs (quivered)
 x - 8 curare-tipped darts
 E - 18 poisoned darts
Armour
 b - a +0 pair of boots (worn)
 c - a +0 helmet (worn)
 i - a +2 leather armour of magic resistance
 j - a +2 buckler (worn)
 t - a +0 pair of gloves (worn)
 N - +0 swamp dragon scales (worn)
 P - the +3 leather armour "Esuamoum" {+Blink rElec rF+}
   (You found it on level 8 of the Dungeon)

   It protects you from fire.
   It insulates you from electricity.
   It lets you blink.
Jewellery
 Q - the ring of Miracles (right hand) {rPois MP+9 Dex+4}
   (You took it off an orc on level 8 of the Dungeon)

   [ring of magical power]

   It affects your dexterity (+4).
   It protects you from poison.
   It affects your magic capacity (+9).
 R - an amulet of regeneration (around neck)
 S - the ring of Life (left hand) {+Fly rElec rC+ rN+ SInv}
   (You found it on level 8 of the Dungeon)

   [ring of see invisible]

   It protects you from cold.
   It insulates you from electricity.
   It protects you from negative energy.
   It lets you see invisible.
   It lets you fly.
Wands
 k - a wand of enslavement (3)
 B - a wand of clouds (6)
 K - a wand of paralysis (10)
Scrolls
 e - 10 scrolls of remove curse
 g - a scroll of enchant armour
 l - 2 scrolls of amnesia {unknown}
 u - 3 scrolls of magic mapping {unknown}
 v - 2 scrolls of fear {unknown}
 y - 9 scrolls of immolation
 A - 5 scrolls of blinking {unknown}
 C - 2 scrolls of vulnerability {unknown}
 D - 3 scrolls of fog {unknown}
 F - 5 scrolls of teleportation {unknown}
 H - a scroll of torment
 V - a scroll of silence
Potions
 m - 5 potions of flight
 n - 3 potions of ambrosia
 o - 11 potions of curing
 p - 6 potions of brilliance
 q - 3 potions of might
 r - 4 potions of heal wounds
 s - 3 potions of stabbing
 w - 2 potions of resistance
 G - a potion of invisibility
 I - 2 potions of magic
 O - 2 potions of lignification
Comestibles
 f - 29 rations
 z - 14 chunks of flesh


   Skills:
 * Level 9.1 Fighting
 + Level 15.6 Polearms
 + Level 5.9 Throwing
 * Level 5.9 Armour
 * Level 11.0 Dodging
 * Level 8.5 Invocations
 + Level 3.1 Evocations


You had 11 spell levels left.
You didn't know any spells.
Your spell library contained the following spells:

 Spells                   Type           Power        Failure   Level  Hunger
 Freeze                   Ice            #...         77%         1    ##.....
 Frozen Ramparts          Ice            #.....       98%         3    ####...
 Ozocubu's Armour         Chrm/Ice       #.......     98%         3    ####...
 Hailstorm                Conj/Ice       #.......     100%        4    #####..
 Summon Ice Beast         Ice/Summ       #.......     100%        4    #####..


Dungeon Overview and Level Annotations

Branches:
Dungeon (11/15)            Temple (1/1) D:5            Lair (2/6) D:11
  Swamp (0/4) Lair:2          Orc (0/2) D:11          Sewer (visited)
  Snake: Lair:2-4    Spider: Lair:2-4

Altars:
Ashenzari
Cheibriados
Dithmenos
Elyvilon
Fedhas
Gozag
Hepliaklqana
Kikubaaqudgha
Makhleb
Nemelex Xobeh
Okawaru
Qazlal
Ru
Sif Muna
Trog
Uskayaw
Vehumet
Wu Jian
Xom
Yredelemnul
Zin
The Shining One

Annotations:
D:4 1 runed translucent door, Yorgos's ghost, amateur GrFi
D:6 exclusion: oklob plant
Lair:2 1 runed translucent door, Skimidon's ghost, journeyman HOBe


Message History

You block the seven-headed hydra's attack.
You hit the seven-headed hydra. You burn the seven-headed hydra.
The seven-headed hydra is almost dead.
The seven-headed hydra bites you but does no damage.
The seven-headed hydra barely misses you.
The seven-headed hydra closely misses you.
You block the seven-headed hydra's attack.
The seven-headed hydra misses you. The seven-headed hydra bites you.
* * * LOW HITPOINT WARNING * * *
The seven-headed hydra bites you!
* * * LOW HITPOINT WARNING * * *
Unknown command.
You hit the seven-headed hydra. You burn the seven-headed hydra.
The seven-headed hydra is almost dead.
You hit the seven-headed hydra but do no damage.
The seven-headed hydra is almost dead.
The seven-headed hydra bites you but does no damage. x3
The seven-headed hydra bites you.
You die...
Your body rises from the dead as a mindless zombie.

..... .... .....
... ?....#... ..
#....#.. #..#.P
......# ......
....## .....
#.D.# ###...##
#.@.## #......#
##...# .......###
#....# .........#
###..##
#........# ##..##
###### #.........
#....#######.##.#
#.........P
###..P#.#P.....##
#..........#
##.###.........
#.รท.........
#.............


You could see a seven-headed hydra.

Vanquished Creatures
  Fannar (Lair:2)
  2 hydras
  Nergalle (Lair:1)
  Pikel (D:8)
  An ugly thing (D:11)
  2 gargoyles (D:11)
  A spiny frog (Lair:1)
  Maggie (Lair:1)
  2 komodo dragons
  A troll (D:11)
  13 blink frogs
  3 hippogriffs
  21 yaks
  2 hungry ghosts
  Menkaure (D:4)
  5 wargs (D:11)
  An acid dragon (D:11)
  3 sky beasts
  4 water moccasins
  2 ice beasts
  6 orc warriors
  2 slaves (D:8)
  3 black bears
  4 phantoms
  3 ogres
  A hornet zombie (D:9)
  A necrophage (D:9)
  3 centaurs
  7 crocodiles
  11 bullfrogs
  2 big kobolds (Sewer)
  A wyvern zombie (D:7)
  A gnoll sergeant (D:8)
  4 scorpions
  4 killer bees (D:9)
  3 howler monkeys
  3 crimson imps
  A bullfrog zombie (D:5)
  A centaur zombie (D:10)
  A centaur skeleton (D:4)
  2 hounds
  5 orc priests
  4 jellies
  10 orc wizards
  4 iguanas
  9 worker ants
  Robin (D:2)
  11 adders
  8 gnolls
  3 river rats (Sewer)
  3 shadow imps
  An ooze (Sewer)
  2 adder skeletons (D:4)
  2 worms
  2 dart slugs (D:1)
  3 leopard geckos
  32 orcs
  8 bats
  7 giant cockroaches
  16 goblins
  13 hobgoblins
  11 jackals
  19 kobolds
  4 quokkas
  5 ball pythons (Sewer)
  3 frilled lizards
  A leopard gecko skeleton (D:4)
  A leopard gecko zombie (D:9)
  31 rats
351 creatures vanquished.

Vanquished Creatures (others)
  A slave (D:8)
  An orc wizard (D:4)
  An iguana (D:8)
  A mummy (D:11)
  3 fungi (Lair:2)
  A plant (Lair:2)
8 creatures vanquished.

Grand Total: 359 creatures vanquished

Notes
Turn   | Place    | Note
-------+----------+-------------------------------------------
     0 | D:1      | mopl the Merfolk Gladiator began the quest for the Orb.
     0 | D:1      | Reached XP level 1. HP: 16/16 MP: 1/1
    49 | D:1      | Reached skill level 5 in Polearms
   191 | D:1      | Reached XP level 2. HP: 22/22 MP: 2/2
   455 | D:1      | Reached skill level 6 in Polearms
   455 | D:1      | Reached XP level 3. HP: 27/27 MP: 3/3
  1021 | D:2      | Found a glowing golden altar of the Shining One.
  1358 | D:2      | Noticed Robin
  1377 | D:2      | Reached XP level 4. HP: 33/33 MP: 4/4
  1379 | D:2      | Reached skill level 7 in Polearms
  1413 | D:2      | Killed Robin
  1643 | D:2      | Found an opulent altar of Gozag.
  1644 | D:2      | Found an iron altar of Okawaru.
  1645 | D:2      | Found a shimmering blue altar of Sif Muna.
  1712 | D:2      | Reached skill level 8 in Polearms
  1712 | D:2      | Reached XP level 5. HP: 22/38 MP: 5/5
  2173 | D:3      | You fall into a shaft and drop 3 floors!
  2201 | D:6      | Found a glowing drain.
  2229 | Sewer    | Entered a sewer
  2423 | Sewer    | Reached skill level 9 in Polearms
  2558 | Sewer    | Noticed a big kobold
  2558 | Sewer    | Noticed a big kobold
  2578 | Sewer    | Killed a big kobold
  2578 | Sewer    | Reached XP level 6. HP: 33/44 MP: 6/6
  2588 | Sewer    | Reached skill level 10 in Polearms
  2828 | D:6      | Noticed a sky beast
  2864 | D:5      | Entered Level 5 of the Dungeon
  2930 | D:4      | Found a runed translucent door.
  2935 | D:4      | Noticed Yorgos's ghost (amateur GrFi)
  3482 | D:4      | Noticed a phantom
  3500 | D:4      | Killed a phantom
  3500 | D:4      | Reached skill level 11 in Polearms
  3500 | D:4      | Reached XP level 7. HP: 36/50 MP: 7/7
  3550 | D:4      | Found a white marble altar of Elyvilon.
  3967 | D:4      | Noticed Menkaure
  3983 | D:4      | Killed Menkaure
  3983 | D:4      | Reached skill level 12 in Polearms
  4869 | D:4      | Found a shadowy altar of Dithmenos.
  4889 | D:4      | Reached XP level 8. HP: 46/56 MP: 8/8
  4985 | D:4      | Reached skill level 13 in Polearms
  5246 | D:5      | Found a blossoming altar of Fedhas.
  5275 | D:5      | Found a staircase to the Ecumenical Temple.
  5313 | D:5      | Reached skill level 14 in Polearms
  5330 | Temple   | Entered the Ecumenical Temple
  5479 | Temple   | Became a worshipper of Yredelemnul the Dark
  5792 | D:5      | Reached skill level 1 in Invocations
  6141 | D:6      | Reached skill level 1 in Armour
  6232 | D:6      | Found a bloodstained altar of Trog.
  6304 | D:6      | Reached skill level 5 in Dodging
  6304 | D:6      | Reached XP level 9. HP: 64/64 MP: 10/10
  6477 | D:6      | Found a shattered altar of Ashenzari.
  6477 | D:6      | Noticed an oklob plant
  6919 | D:7      | Reached * piety under Yredelemnul
  7500 | D:8      | Noticed Pikel
  7515 | D:8      | Killed Pikel
  7515 | D:8      | Reached skill level 5 in Fighting
  7515 | D:8      | Reached XP level 10. HP: 69/74 MP: 13/13
  7864 | D:8      | Found a hide-covered altar of Uskayaw.
  7888 | D:8      | You fall into a shaft and drop 3 floors!
  7900 | D:10     | Entered Level 10 of the Dungeon
  8024 | D:9      | Reached ** piety under Yredelemnul
  8040 | D:9      | Reached skill level 5 in Invocations
  8490 | D:8      | Noticed a seven-headed hydra
  8509 | D:8      | Killed a seven-headed hydra
  8550 | D:8      | Got a scorched leather armour
  8561 | D:8      | Identified the +3 leather armour "Esuamoum" {+Blink rElec
                  | rF+} (You found it on level 8 of the Dungeon)
  8579 | D:8      | Reached XP level 11. HP: 80/82 MP: 15/15
  8594 | D:8      | Identified the ring of Miracles {rPois MP+9 Dex+4}
  8615 | D:8      | Got an ancient copper ring
  8617 | D:8      | Identified the ring "Kibon Oddo" {Int+6 Dex+4} (You found
                  | it on level 8 of the Dungeon)
  8633 | D:8      | Got a fine silver ring
  8635 | D:8      | Identified the ring of Life {+Fly rElec rC+ rN+ SInv} (You
                  | found it on level 8 of the Dungeon)
  8638 | D:8      | Got a crude brass ring
  8664 | D:8      | Identified the ring "Qewuc" {*Drain +Fly rElec Dex+6
                  | Slay-3} (You found it on level 8 of the Dungeon)
  8979 | D:9      | Reached skill level 15 in Polearms
  9033 | D:9      | Found a shimmering altar of Xom.
  9036 | D:9      | Found a shimmering altar of Xom.
  9036 | D:9      | Found a shimmering altar of Xom.
  9036 | D:9      | Found a shimmering altar of Xom.
  9036 | D:9      | Found a shimmering altar of Xom.
  9036 | D:9      | Found a shimmering altar of Xom.
  9037 | D:9      | Found a shimmering altar of Xom.
  9037 | D:9      | Found a shimmering altar of Xom.
  9489 | D:9      | Noticed an orb spider
 10229 | D:11     | Reached *** piety under Yredelemnul
 10244 | D:11     | Found a staircase to the Orcish Mines.
 10489 | D:11     | Reached skill level 5 in Throwing
 10489 | D:11     | Reached skill level 1 in Evocations
 10631 | D:11     | Noticed a green ugly thing
 10641 | D:11     | Killed a green ugly thing
 10672 | D:11     | Found a staircase to the Lair.
 10679 | D:11     | Received a gift from Yredelemnul (a mummy)
 10716 | D:11     | Reached skill level 5 in Armour
 11001 | Lair:1   | Entered Level 1 of the Lair of Beasts
 11053 | Lair:1   | Noticed Nergalle
 11093 | Lair:1   | Killed Nergalle
 11109 | Lair:1   | Reached skill level 10 in Dodging
 11676 | Lair:1   | Reached XP level 12. HP: 76/92 MP: 17/17
 11785 | Lair:2   | Noticed Maggie
 11786 | Lair:2   | Noticed an eight-headed hydra
 11802 | Lair:1   | Killed Maggie
 11802 | Lair:1   | Received a gift from Yredelemnul (a wight)
 12162 | Lair:1   | Killed an eight-headed hydra
 12279 | Lair:2   | Noticed Fannar
 12324 | Lair:2   | Killed Fannar
 12508 | Lair:2   | Found a runed translucent door.
 12509 | Lair:2   | Noticed Skimidon's ghost (journeyman HOBe)
 12510 | Lair:2   | Identified the +8 spear of the Lurker {vorpal, +Blink rN+
                  | Str-3 Dex+5}
 12510 | Lair:2   | Noticed a spriggan rider
 12520 | Lair:2   | Found a staircase to the Swamp.
 12550 | Lair:2   | Reached **** piety under Yredelemnul
 12609 | Lair:2   | Noticed a seven-headed hydra
 12624 | Lair:2   | HP: 4/94 [seven-headed hydra (7)]
 12626 | Lair:2   | Slain by a seven-headed hydra

Illustrated notes

Levels and vault maps discovered:
D:1:      lemuel_arrival_muddy, layout_basic, st_stairs_4
D:2:      layout_basic, overflow_temple_1_default, minitemple, uniq_robin
D:3:      layout_loops_cross
D:4:      layout_basic, elyvilon_altar_5, ebering_ghost_inner_flame,
          grunt_dithmenos_shadows, uniq_menkaure
D:5:      layout_loops_ring, minmay_temple_entry_mini_moons, first_ration,
          fedhas_altar_3
D:6:      layout_loops_corners, cheibrodos_sewer_entry_sluice, basic_altar,
          hangedman_abyss_or_decor_passed, lemuel_oklob_altar
D:7:      layout_basic, kennysheep_generic_room_9
D:8:      minmay_the_grid_triangle_9x9_rhombus_thin
          [minmay_the_grid_triangle_9x9_wacky_v,
          minmay_the_grid_triangle_9x9_prize_special,
          minmay_the_grid_triangle_9x9_steps,
          minmay_the_grid_triangle_9x9_swiss_cheese], layout_loops_ring,
          eat_drink_and_be_merry_uskayaw, grunt_pizzeria, uniq_pikel
D:9:      layout_basic, minivault_1, xom_shifter_show
D:10:     layout_stronghold
D:11:     layout_roguey, erik_lair_orcish_takeover, david_orc_1_choice
Temple:   nicolae_temple_elliptical
Lair:1:   layout_regular_city, grunt_megastairs_2, uniq_nergalle
Lair:2:   layout_cave_pods, minmay_swamp_entry_reptiles, spider_nest_entry_a,
          ebering_ghost_funeral_grove, beast_lair_carwin_10, uniq_fannar,
          uniq_maggie

Skill      XL: |  1  2  3  4  5  6  7  8  9 10 11 12 |
---------------+-------------------------------------+-----
Polearms       | 5 6 8 9 11 12 14 15 | 15.6
Invocations    | 2 4 6 7 8 |  8.5
Armour         | 1 3 4 5 |  5.9
Fighting       | 3 5 6 8 9 |  9.1
Dodging        | 5 7 8 10 11 | 11.0
Throwing       | 3 4 5 |  5.9
Evocations     | 2 3 |  3.1

Action                   |  1- 3 |  4- 6 |  7- 9 | 10-12 || total
-------------------------+-------+-------+-------+-------++-------
Melee: Trident           |   103 |   322 |   406 |   838 ||  1669
       Tailslap          |       |     8 |       |       ||     8
Throw: Throwing net      |       |       |     1 |       ||     1
       Boomerang         |       |       |       |     2 ||     2
Invok: Injury Mirror     |       |       |       |     2 ||     2
       Drain Life        |       |       |       |     1 ||     1
Evoke: Wand              |       |       |       |    12 ||    12
  Use: Scroll            |       |     7 |     2 |    10 ||    19
       Potion            |       |       |     2 |     1 ||     3
 Stab: Sleeping          |     4 |     2 |     2 |       ||     8
       Held in net/web   |       |       |     2 |       ||     2
  Eat: Chunk             |     1 |     8 |    13 |    19 ||    41
Armor: Leather armour    |    16 |    37 |    15 |     1 ||    69
       Plate armour      |       |       |    73 |   133 ||   206
       Swamp dragon scal |       |       |       |    39 ||    39
Dodge: Dodged            |    67 |   183 |   130 |   243 ||   623
Block: Buckler           |     8 |    47 |    45 |   137 ||   237
